 Dungeon Crawl Stone Soup version 0.23.0 (webtiles) character file.

Game seed: 8810501902790255482

107 Oravi the Digger (level 5, -1/34 HPs)
             Began as a Halfling Earth Elementalist on Feb 13, 2019.
             Slain by a gnoll
             ... wielding a +0 spear
              (5 damage)
             ... on level 3 of the Dungeon.
             The game lasted 00:14:07 (2202 turns).

Oravi the Digger (Halfling Earth Elementalist)      Turns: 2202, Time: 00:14:08

Health: -1/34      AC:  7    Str: 10    XL:     5   Next: 11%
Magic:  7/7        EV: 15    Int: 13    God:
Gold:   64         SH:  0    Dex: 15    Spells: 4/7 levels left

rFire    . . .     SeeInvis .   a - +0 whip
rCold    . . .     Gourm    .   (shield restricted)
rNeg     . . .     Faith    .   j - +0 leather armour
rPois    .         Spirit   .   i - +2 helmet
rElec    .         Reflect  .   (no cloak)
rCorr    .         Harm     .   n - +0 pair of gloves
MR       .....                  (no boots)
Stlth    +++.......             (no amulet)
HPRegen  0.11/turn              e - ring of stealth
MPRegen  0.10/turn              (no ring)

@: no status effects
A: small, mutation resistance 1
a: no special abilities


You were on level 3 of the Dungeon.
You were not hungry.

You visited 1 branch of the dungeon, and saw 3 of its levels.

You collected 64 gold pieces.

Inventory:

Hand Weapons
 a - a +0 whip (weapon)
 p - a +0 dagger
Missiles
 b - 37 stones (quivered)
Armour
 c - a +0 robe
 i - a +2 helmet (worn)
 j - a +0 leather armour (worn)
 n - a +0 pair of gloves (worn)
Jewellery
 e - a ring of stealth (left hand)
Scrolls
 f - a scroll of remove curse {@r2}
 g - 2 scrolls of identify {@r1}
 k - a scroll of teleportation {unknown}
 o - a scroll of fog {unknown}
Potions
 h - 2 potions of invisibility
 q - a potion of berserk rage
Comestibles
 d - 5 rations
 l - a chunk of flesh


   Skills:
 + Level 2.1 Fighting
 + Level 3.5 Dodging
 - Level 2.6 Stealth
 - Level 1.5 Spellcasting
 - Level 0.5 Transmutations
 + Level 3.6 Earth Magic


You had 4 spell levels left.
You knew the following spells:

 Your Spells              Type           Power        Failure   Level  Hunger
a - Sandblast             Erth           ##....       9%          1    ##.....
b - Passwall              Tmut/Erth      #.......     24%         2    ###....

Your spell library contained the following spells:

 Spells                   Type           Power        Failure   Level  Hunger
 Stone Arrow              Conj/Erth      #.....       45%         3    ####...
 Petrify                  Tmut/Erth      #.......     83%         4    #####..
 Lee's Rapid Deconstruct  Erth           ##........   92%         5    ######.


Dungeon Overview and Level Annotations

Branches:
Dungeon (3/15)

Altars:


Innate Abilities, Weirdness & Mutations

You are small and have problems with some larger weapons.
You are somewhat resistant to further mutation.


Message History

You hit the gnoll but do no damage. The gnoll barely misses you.
The gnoll hits you from afar with a +0 spear.
You closely miss the gnoll.
You hear the slow rusting of a very distant drain.
The gnoll closely misses you.
The gnoll hits you from afar with a +0 spear.
* * * LOW HITPOINT WARNING * * *
You hit the gnoll.
The gnoll is moderately wounded.
The gnoll closely misses you. The gnoll misses you.
You barely miss the gnoll.
The gnoll is moderately wounded.
The gnoll hits you with a +0 spear!
* * * LOW HITPOINT WARNING * * *
The gnoll hits you from afar with a +0 spear.
* * * LOW HITPOINT WARNING * * *
You hit the gnoll.
The gnoll is heavily wounded.
The gnoll hits you with a +0 spear.
You die...

#.#######.#.#.#
#.........#.#.#
###########.#.#
#.#.# #.#.#
#####.#.# #<....#.#
##################.#
..............gg@..#
####################


You could see 2 gnolls.

Vanquished Creatures
  4 adders (D:2)
  A gnoll (D:3)
  2 oozes
  2 dart slugs (D:1)
  A leopard gecko (D:1)
  A ball python (D:1)
  A giant cockroach (D:1)
  4 goblins
  4 hobgoblins
  3 jackals (D:2)
  A quokka (D:2)
  A bat (D:1)
  4 frilled lizards
  9 kobolds
  16 rats
54 creatures vanquished.

Notes
Turn   | Place    | Note
-------+----------+-------------------------------------------
     0 | D:1      | Oravi the Halfling Earth Elementalist began the quest for
                  | the Orb.
     0 | D:1      | Reached XP level 1. HP: 11/11 MP: 3/3
    82 | D:1      | Reached XP level 2. HP: 18/18 MP: 0/4
   306 | D:1      | Learned a level 2 spell: Passwall
   595 | D:1      | Reached skill level 1 in Fighting
   694 | D:1      | Reached XP level 3. HP: 22/23 MP: 5/5
  1385 | D:2      | Reached XP level 4. HP: 28/28 MP: 6/6
  2126 | D:3      | Reached XP level 5. HP: 28/34 MP: 7/7
  2202 | D:3      | Slain by a gnoll

Skill      XL: |  1  2  3  4 |
---------------+-------------+-----
Fighting       | 1 2 |  2.1
Dodging        | 3 |  3.5
Stealth        | |  2.6
Spellcasting   | |  1.5
Transmutations | |  0.5
Earth Magic    | |  3.6

Action                   |  1- 3 |  4- 6 || total
-------------------------+-------+-------++-------
Melee: Unarmed           |    82 |       ||    82
       Whip              |    53 |    95 ||   148
 Cast: Sandblast         |    19 |     3 ||    22
  Use: Scroll            |       |     5 ||     5
 Stab: Sleeping          |     5 |     4 ||     9
  Eat: Chunk             |     2 |     3 ||     5
Armor: Leather armour    |    34 |    31 ||    65
       Robe              |     2 |       ||     2
Dodge: Dodged            |    77 |    76 ||   153
